 Dungeon Crawl Stone Soup version 0.22-a0-877-g5c4e1af (webtiles) character file.

394 Firecrotchwizard the Charmwright (level 6, 0/51 HPs)
             Began as a Gnoll Skald on July 30, 2018.
             Killed from afar by Ijyb (17 damage)
             ... with a wand of acid (2)
             ... on level 4 of the Dungeon.
             The game lasted 00:07:10 (3530 turns).

Firecrotchwizard the Charmwright (Gnoll Skald)      Turns: 3530, Time: 00:07:10

Health: 0/51       AC:  5    Str: 16    XL:     6   Next: 82%
Magic:  10/14      EV: 13    Int: 18    God:
Gold:   129        SH:  0    Dex: 14    Spells: 6/15 levels left

rFire    . . .     SeeInvis .   a - +0 spear
rCold    . . .     Gourm    .   (no shield)
rNeg     . . .     Faith    .   u - +0 ring mail
rPois    .         Spirit   .   (no helmet)
rElec    .         Reflect  .   (no cloak)
rCorr    .         Harm     .   (no gloves)
MR       .....                  (no boots)
Stlth    +.........             (no amulet)
HPRegen  0.17/turn              o - +3 ring of strength
MPRegen  0.14/turn              (no ring)

@: infused
A: distributed training, fangs 1, strong nose
a: no special abilities


You were on level 4 of the Dungeon.
You were not hungry.

You visited 1 branch of the dungeon, and saw 4 of its levels.
You also visited: Sewer.

You collected 129 gold pieces.

Inventory:

Hand Weapons
 a - a +0 spear (weapon)
Armour
 b - a +0 leather armour
 u - a +0 ring mail (worn)
   (You took it off a goblin on level 3 of the Dungeon)
Jewellery
 o - a +3 ring of strength (left hand)
   (You took it off a goblin on level 3 of the Dungeon)
Scrolls
 e - a scroll of remove curse
 f - 2 scrolls of teleportation {unknown}
 h - 2 scrolls of enchant weapon {unknown}
 i - a scroll of noise {unknown}
 j - a scroll of immolation {unknown}
 k - a scroll of random uselessness {unknown}
 m - 2 scrolls of identify
 q - a scroll of fog {unknown}
 v - a scroll of magic mapping {unknown}
Potions
 c - 3 potions of might
 g - a potion of resistance {unknown}
 l - a potion of lignification {unknown}
 p - 2 potions of magic {unknown}
 r - 2 potions of curing {unknown}
 s - a potion of haste {unknown}
 t - a potion of heal wounds
Comestibles
 d - 4 rations {@e1}
 n - 2 chunks of flesh {@w0}


   Skills:
 + Level 5.0 Fighting
 + Level 2.1 Short Blades
 + Level 2.1 Long Blades
 + Level 2.1 Axes
 + Level 2.1 Maces & Flails
 + Level 5.0 Polearms
 + Level 2.1 Staves
 + Level 2.1 Slings
 + Level 2.1 Bows
 + Level 2.1 Crossbows
 + Level 2.1 Throwing
 + Level 3.3 Armour
 + Level 5.0 Dodging
 + Level 2.1 Stealth
 + Level 2.1 Shields
 + Level 2.1 Unarmed Combat
 + Level 5.4 Spellcasting
 + Level 1.6 Conjurations
 + Level 1.6 Hexes
 + Level 5.7 Charms
 + Level 1.6 Summonings
 + Level 1.6 Necromancy
 + Level 1.6 Translocations
 + Level 1.6 Transmutations
 + Level 1.6 Fire Magic
 + Level 1.6 Ice Magic
 + Level 1.6 Air Magic
 + Level 1.6 Earth Magic
 + Level 1.6 Poison Magic
 + Level 2.3 Invocations
 + Level 2.1 Evocations


You had 6 spell levels left.
You knew the following spells:

 Your Spells              Type           Power        Failure   Level  Hunger
a - Infusion              Chrm           ####         2%          1    None
r - Regeneration          Chrm/Necr      ###.......   16%         3    ##.....
s - Shroud of Golubria    Chrm/Tloc      ###.......   8%          2    #......
z - Spectral Weapon       Hex/Chrm       ###.....     16%         3    ##.....

Your spell library contained the following spells:

 Spells                   Type           Power        Failure   Level  Hunger
 Song of Slaying          Chrm           ####....     3%          2    #......


Dungeon Overview and Level Annotations

Branches:
Dungeon (4/15)
 Temple: D:4-7

Altars:
Cheibriados
Makhleb
Zin

Annotations:
D:4 Ijyb


Innate Abilities, Weirdness & Mutations

Your experience applies equally to all skills.
You have very sharp teeth.
Your uncanny sense of smell can sniff out nearby items.


Message History

The worker ant bites you but does no damage.
Your ring mail prevents you from hitting the worker ant.
The worker ant bites you.
You take 2 damage, and have 46/51 hp.
You completely miss the worker ant. The worker ant closely misses you.
You hit the worker ant. Your bite misses the worker ant.
The worker ant misses you.
You hit the worker ant. The worker ant bites you.
You are poisoned.
The worker ant poisons you!
You take 1 damage, and have 45/51 hp.
You now have 12/14 mp.
Space distorts slightly along a thin shroud covering your body.
You feel sick.
Your shroud bends the worker ant's attack away.
You take 1 damage, and have 44/51 hp.
You now have 10/14 mp.
You closely miss the worker ant.
You feel sick.
Your shroud bends the worker ant's attack away.
You take 1 damage, and have 43/51 hp.
You hit the worker ant.
The worker ant bites you but does no damage.
You now have 9/14 mp.
You hit the worker ant.
The worker ant bites you but does no damage.
You now have 8/14 mp.
You hit the worker ant.
You feel sick. The worker ant misses you.
You take 1 damage, and have 42/51 hp.
You hit the worker ant.
Your shroud bends the worker ant's attack away.
You hit the worker ant.
You kill the worker ant!
You feel sick.
You take 1 damage, and have 42/51 hp.
You now have 7/14 mp.
No target in view!
No target in view!
You start resting.
You feel sick. x3
Your shroud begins to fray at the edges.
You feel sick.
You take 2 damage, and have 40/51 hp.
You regained 2 mp, and now have 9/14 mp.
You start resting.
You feel sick.
You are no longer poisoned.
You start resting.
Your shroud unravels.
You start resting.
Your magical infusion is running out.
You start resting.
You are no longer magically infusing your attacks.
You start resting.
Health restored: 51; MP restored: 14
Found a stone staircase leading down.
There is a stone staircase leading down here.
Ijyb the Twisted Goblin comes into view.
Ijyb shouts!
Ijyb zaps a wand.
The bolt of acid misses you.
It is a wand of acid (4).
You begin infusing your attacks with magical energy.
You now have 13/14 mp.
Ijyb zaps a wand.
The bolt of acid hits you!
You are splashed with acid!
The acid burns!
You take 16 damage, and have 35/51 hp.
MASSIVE DAMAGE!!
Attack whom?
Aim: Ijyb, wearing a ring mail and carrying a wand of acid (3)
You hit Ijyb. Ijyb closely misses you.
You now have 12/14 mp.
Attack whom?
Aim: Ijyb, wearing a ring mail and carrying a wand of acid (3) (moderately wounded)
You hit Ijyb.
Attack whom?
Aim: Ijyb, wearing a ring mail and carrying a wand of acid (3) (moderately wounded)
You hit Ijyb.
Ijyb drinks a potion.
Ijyb is healed!
You now have 11/14 mp.
Unknown command.
Attack whom?
Aim: Ijyb, wearing a ring mail and carrying a wand of acid (3)
You closely miss Ijyb. Ijyb closely misses you.
Attack whom?
Aim: Ijyb, wearing a ring mail and carrying a wand of acid (3)
You hit Ijyb. Your bite misses Ijyb.
Ijyb zaps a wand.
The bolt of acid hits you!
You are splashed with acid!
The acid burns!
You take 20 damage, and have 16/51 hp.
MASSIVE DAMAGE!!
Attack whom?
Aim: Ijyb, wearing a ring mail and carrying a wand of acid (2) (lightly wounded)
You hit Ijyb but do no damage. Ijyb hits you but does no damage.
Attack whom?
Aim: Ijyb, wearing a ring mail and carrying a wand of acid (2) (lightly wounded)
You hit Ijyb. Ijyb barely misses you.
You now have 10/14 mp.
Attack whom?
Aim: Ijyb, wearing a ring mail and carrying a wand of acid (2) (heavily wounded)
You closely miss Ijyb.
Ijyb zaps a wand.
The bolt of acid hits you!
You die...

∆ # ..#. #.#.# .
#.#.#########.####
..###...#.....@g......
...........######.####
..................
............#####.
............#
............#####
...#####.......)#.#
#........#.#
...#####.>........#


You could see Ijyb.

Vanquished Creatures
  2 big kobolds (Sewer)
  2 orc priests (D:3)
  An orc wizard (D:3)
  A worker ant (D:4)
  3 adders
  A river rat (Sewer)
  3 oozes
  An adder zombie (D:1)
  4 worms
  3 dart slugs
  2 leopard geckos
  8 orcs (D:3)
  5 bats
  4 giant cockroaches (D:3)
  3 goblins (D:3)
  5 hobgoblins
  7 jackals
  6 kobolds
  A quokka (D:2)
  4 ball pythons
  4 frilled lizards
  A giant cockroach zombie (D:1)
  11 rats
82 creatures vanquished.

Notes
Turn   | Place    | Note
-------+----------+-------------------------------------------
     0 | D:1      | Firecrotchwizard the Gnoll Skald began the quest for the Orb.
     0 | D:1      | Reached XP level 1. HP: 20/20 MP: 6/6
    77 | D:1      | Reached XP level 2. HP: 26/26 MP: 7/7
   376 | D:1      | Reached XP level 3. HP: 31/31 MP: 9/9
   380 | D:1      | Learned a level 2 spell: Shroud of Golubria
   384 | D:1      | Learned a level 3 spell: Spectral Weapon
   388 | D:1      | Learned a level 3 spell: Regeneration
   492 | D:1      | Reached skill level 5 in Spellcasting
  1029 | D:2      | Reached skill level 1 in Invocations
  1292 | D:2      | Found a snail-covered altar of Cheibriados.
  1563 | D:3      | Reached skill level 1 in Short Blades
  1563 | D:3      | Reached skill level 1 in Long Blades
  1563 | D:3      | Reached skill level 1 in Axes
  1563 | D:3      | Reached skill level 1 in Maces & Flails
  1563 | D:3      | Reached skill level 1 in Staves
  1563 | D:3      | Reached skill level 1 in Slings
  1563 | D:3      | Reached skill level 1 in Bows
  1563 | D:3      | Reached skill level 1 in Crossbows
  1563 | D:3      | Reached skill level 1 in Throwing
  1563 | D:3      | Reached skill level 1 in Stealth
  1563 | D:3      | Reached skill level 1 in Shields
  1563 | D:3      | Reached skill level 1 in Unarmed Combat
  1563 | D:3      | Reached skill level 1 in Evocations
  1634 | D:3      | Reached XP level 4. HP: 38/38 MP: 11/11
  1638 | D:3      | Found a burning altar of Makhleb.
  1800 | D:3      | Found a glowing drain.
  1836 | Sewer    | Entered a sewer
  2127 | Sewer    | Reached skill level 1 in Conjurations
  2127 | Sewer    | Reached skill level 1 in Hexes
  2127 | Sewer    | Reached skill level 1 in Summonings
  2127 | Sewer    | Reached skill level 1 in Necromancy
  2127 | Sewer    | Reached skill level 1 in Translocations
  2127 | Sewer    | Reached skill level 1 in Transmutations
  2127 | Sewer    | Reached skill level 1 in Fire Magic
  2127 | Sewer    | Reached skill level 1 in Ice Magic
  2127 | Sewer    | Reached skill level 1 in Air Magic
  2127 | Sewer    | Reached skill level 1 in Earth Magic
  2127 | Sewer    | Reached skill level 1 in Poison Magic
  2322 | Sewer    | Reached XP level 5. HP: 43/43 MP: 12/12
  2329 | Sewer    | Noticed a big kobold
  2330 | Sewer    | Noticed a big kobold
  2346 | Sewer    | Killed a big kobold
  2346 | Sewer    | Reached skill level 3 in Armour
  2359 | Sewer    | Killed a big kobold
  2359 | Sewer    | Reached skill level 2 in Invocations
  2359 | Sewer    | Reached XP level 6. HP: 26/50 MP: 1/13
  3010 | D:3      | Reached skill level 5 in Fighting
  3010 | D:3      | Reached skill level 5 in Polearms
  3010 | D:3      | Reached skill level 5 in Dodging
  3015 | D:3      | Reached skill level 2 in Short Blades
  3015 | D:3      | Reached skill level 2 in Long Blades
  3015 | D:3      | Reached skill level 2 in Axes
  3015 | D:3      | Reached skill level 2 in Maces & Flails
  3015 | D:3      | Reached skill level 2 in Staves
  3015 | D:3      | Reached skill level 2 in Slings
  3015 | D:3      | Reached skill level 2 in Bows
  3015 | D:3      | Reached skill level 2 in Crossbows
  3015 | D:3      | Reached skill level 2 in Throwing
  3015 | D:3      | Reached skill level 2 in Stealth
  3015 | D:3      | Reached skill level 2 in Shields
  3015 | D:3      | Reached skill level 2 in Unarmed Combat
  3015 | D:3      | Reached skill level 2 in Evocations
  3366 | D:3      | Found a glowing silver altar of Zin.
  3518 | D:4      | Noticed Ijyb
  3530 | D:4      | Killed from afar by Ijyb

Vault maps used:
D:1:      saegor_arrival_fortress
D:2:      kennysheep_slug_shrine
D:3:      lemuel_doored_altar, overflow_temple_1_default, gup_sewer_entry_pipe,
          moated_statue, hangedman_abyss_or_decor_lesser_grid
D:4:      nicolae_overflow_hidden_temple, lemuel_round_altar, temple_green,
          uniq_ijyb
Sewer:    sewer_co_15_rooms

Skill      XL: |  1  2  3  4  5  6 |
---------------+-------------------+-----
Spellcasting   | 5 |  5.4
Invocations    | 1 2 |  2.3
Short Blades   | 1 2 |  2.1
Long Blades    | 1 2 |  2.1
Axes           | 1 2 |  2.1
Maces & Flails | 1 2 |  2.1
Staves         | 1 2 |  2.1
Slings         | 1 2 |  2.1
Bows           | 1 2 |  2.1
Crossbows      | 1 2 |  2.1
Throwing       | 1 2 |  2.1
Stealth        | 1 2 |  2.1
Shields        | 1 2 |  2.1
Unarmed Combat | 1 2 |  2.1
Evocations     | 1 2 |  2.1
Conjurations   | 1 |  1.6
Hexes          | 1 |  1.6
Summonings     | 1 |  1.6
Necromancy     | 1 |  1.6
Translocations | 1 |  1.6
Transmutations | 1 |  1.6
Fire Magic     | 1 |  1.6
Ice Magic      | 1 |  1.6
Air Magic      | 1 |  1.6
Earth Magic    | 1 |  1.6
Poison Magic   | 1 |  1.6
Armour         | 3 |  3.3
Fighting       | 5 |  5.0
Polearms       | 5 |  5.0
Dodging        | 5 |  5.0
Charms         | |  5.7

Action                   |  1- 3 |  4- 6 || total
-------------------------+-------+-------++-------
Melee: Spear             |   130 |   238 ||   368
       Bite              |    11 |    17 ||    28
       Punch             |     1 |       ||     1
 Cast: Infusion          |     3 |    11 ||    14
       Spectral Weapon   |     1 |       ||     1
       Shroud of Golubri |       |     2 ||     2
  Use: Scroll            |       |     2 ||     2
 Stab: Sleeping          |     3 |       ||     3
       Distracted        |       |     1 ||     1
  Eat: Chunk             |     2 |     7 ||     9
Armor: Leather armour    |    11 |    22 ||    33
       Ring mail         |       |    13 ||    13
Dodge: Dodged            |    68 |    93 ||   161

Table legend:
 A = Spawn XP
 B = Non-spawn XP
 C = Spawn XP percentage of total XP
 D = Spawn monster count
 E = Non-spawn monster count
 F = Spawn count percentage of total count
 G = Total turns spent on level
                    A         B        C        D         E        F      G
               +---------+---------+-------+---------+---------+-------+---------
         Total |       0 |     564 |   0.0 |       0 |      82 |   0.0 |  3530
               +---------+---------+-------+---------+---------+-------+---------
           D:1 |       0 |      47 |   0.0 |       0 |      20 |   0.0 |   905
           D:2 |       0 |      27 |   0.0 |       0 |       8 |   0.0 |   657
           D:3 |       0 |     202 |   0.0 |       0 |      33 |   0.0 |  1001
           D:4 |       0 |      36 |   0.0 |       0 |       1 |   0.0 |   133
         Sewer |       0 |     252 |   0.0 |       0 |      20 |   0.0 |   834
               +---------+---------+-------+---------+---------+-------+---------

Vault maps used:
D:1:      saegor_arrival_fortress
D:2:      kennysheep_slug_shrine
D:3:      lemuel_doored_altar, overflow_temple_1_default, gup_sewer_entry_pipe,
          moated_statue, hangedman_abyss_or_decor_lesser_grid
D:4:      nicolae_overflow_hidden_temple, lemuel_round_altar, temple_green,
          uniq_ijyb
Sewer:    sewer_co_15_rooms

Table legend:
 A = Turns spent in this place as a percentage of turns spent in the entire game.
 B = Non-inter-level travel turns spent in this place as a percentage of non-inter-level travel turns spent in the entire game.
 C = Inter-level travel turns spent in this place as a percentage of turns spent in this place.
 D = Turns resting spent in this place as a percentage of non-inter-level travel turns spent in this place.
 E = Turns spent auto-exploring this place as a percentage of non-inter-level travel turns spent in this place.
 F = Non-inter-level travel turns spent in this place divided by the number of levels of this place that you've seen.
                   A       B       C       D       E      F
               +-------+-------+-------+-------+-------+----------------------
         Total | 100.0 | 100.0 |   4.3 |  21.7 |  53.8 | 675.6
       Dungeon |  76.4 |  75.3 |   5.6 |  11.7 |  65.3 | 636.0
         Sewer |  23.6 |  24.7 |   0.0 |  52.0 |  18.7 | 834.0
               +-------+-------+-------+-------+-------+----------------------

Table legend:
 A = Kills in this place as a percentage of kills in entire the game.
 B = Kills by you in this place as a percentage of kills by you in the entire game.
 C = Kills by friends in this place as a percentage of kills by friends in the entire game.
 D = Other kills in this place as a percentage of other kills in the entire game.
 E = Experience gained in this place as a percentage of experience gained in the entire game.
 F = Experience gained in this place divided by the number of levels of this place that you have seen.
                   A       B       C       D       E      F
               +-------+-------+-------+-------+-------+----------------------
         Total | 100.0 | 100.0 |   N/A |   N/A | 100.0 | 112.8
       Dungeon |  75.6 |  75.6 |   N/A |   N/A |  55.3 |  78.0
         Sewer |  24.4 |  24.4 |   N/A |   N/A |  44.7 | 252.0
               +-------+-------+-------+-------+-------+----------------------
